 Dungeon Crawl Stone Soup version 0.30.1-9-gdf580d7c3d (webtiles) character file.

Game seed: 7844744509102998523

525 pkoi the Grappler (level 7, 0/57 HPs)
             Began as a Black Draconian Monk on Oct 23, 2023.
             Slain by a killer bee (5 damage)
             ... on level 4 of the Dungeon.
             The game lasted 00:03:07 (2558 turns).

pkoi the Grappler (Black Draconian Monk)            Turns: 2558, Time: 00:03:08

Health: 0/57       AC:  9    Str: 14    XL:     7   Next: 2%
Magic:  7/7        EV: 12    Int: 12    God:
Gold:   109        SH:  0    Dex: 13    Spells: 6/6 levels left

rFire   . .          .
                       - Unarmed
rCold   + . .        b - orb {light}
rNeg    . . .        (body armour unavailable)
rPois   .            (helmet restricted)
rElec   +            m - +0 cloak
rCorr   .            p - +0 pair of gloves
SInv    .            c - +0 pair of boots
Will    .....        (no amulet)
Stlth   +            j - ring of protection from cold
HPRegen 0.29/turn    (no ring)
MPRegen 0.10/turn

%: no passive effects
@: confused, lethally poisoned (0 -> -9), ambrosia-drunk, glowing
A: breathe lightning, AC +6, unfitting armour, electricity resistance,
cold-blooded
a: Breathe Lightning


You were on level 4 of the Dungeon.
You visited 1 branch of the dungeon, and saw 4 of its levels.
You also visited: Sewer.

You collected 109 gold pieces.

Inventory:

Missiles
 e - 9 poisoned darts (quivered)
Armour
 b - an orb of light (worn)
 c - a +0 pair of boots (worn)
 m - a +0 cloak (worn)
 p - a +0 pair of gloves (worn)
Jewellery
 j - a ring of protection from cold (left hand)
Scrolls
 d - a scroll of poison {unknown}
 f - a scroll of enchant armour
 g - a scroll of silence
 h - a scroll of fear
 l - a scroll of teleportation
 n - a scroll of enchant weapon {unknown}
Potions
 a - 2 potions of ambrosia
 i - a potion of curing {unknown}
 k - 2 potions of berserk rage
 o - a potion of degeneration {unknown}
 s - a potion of haste {unknown}
 t - a potion of invisibility {unknown}


   Skills:
 - Level 3.2 Fighting
 - Level 2.6 Dodging
 + Level 8.1 Unarmed Combat


You had 6 spell levels left.
You didn't know any spells.
Your spell library contained the following spells:

 Spells                   Type           Power      Damage    Failure   Level
 Foxfire                  Conj/Fire      0%         2x1d4     32%         1
 Fireball                 Conj/Fire      0%         3d3       100%        5
 Plasma Beam              Fire/Air       0%         2x1d11    100%        6
 Starburst                Conj/Fire      0%         6d3       100%        6


Dungeon Overview and Level Annotations

Branches:
Dungeon (4/15)              Sewer (visited)
 Temple: D:4-7

Altars:


Innate Abilities, Weirdness & Mutations

You can breathe wild blasts of lightning.
Your glossy black scales are hard. (AC +6)
You cannot fit into any form of body armour.
You are resistant to electric shocks. (rElec)
You are cold-blooded and may be slowed by cold attacks.


Message History

You hit the killer bee.
You kill the killer bee!
The killer bee misses you.
You hit the killer bee.
The killer bee is lightly wounded.
The killer bee stings you but does no damage.
You hit the killer bee.
The killer bee is lightly wounded.
The killer bee stings you.
* * * LOW HITPOINT WARNING * * *
You are poisoned.
The killer bee poisons you! The killer bee barely misses you.
You closely miss the killer bee.
Your tail-slap misses the killer bee.
The killer bee is lightly wounded.
You feel sick. The killer bee barely misses you.
The killer bee closely misses you.
You punch the killer bee!
The killer bee is almost dead.
You feel sick. The killer bee stings you.
* * * LOW HITPOINT WARNING * * *
You are more poisoned.
The killer bee poisons you!
The killer bee stings you but does no damage.
Unknown command.
You punch the killer bee!
You kill the killer bee!
* * * LOW HITPOINT WARNING * * *
You feel sick.
Your Unarmed Combat skill increases to level 8!
You have reached level 7!
Your scales start taking on a glossy black colour.
You learn Air Magic much quicker.
You learn Earth Magic much slower.
You can breathe wild blasts of lightning.
You feel insulated.
You are confused.
You feel invigorated.
* * * LOW HITPOINT WARNING * * *
You feel very sick. The killer bee stings you.
You die...

#.# #.# ... #.# ##+# #.#
#.# #...# #.# #.# .....#
####.# #.# ......# ##.##.#
######.#
.......####...#.###.......
.......'y@.<..............
.......####...#.###.####..
......# #....)....# ##..
.....# #.###.###.###...
#...# #.##...##.......
##+# #.##...##.###.##
#.##...##.# #.#
#####.....# #.# #.#####
#.#


You could see a killer bee.

Vanquished Creatures
  Pargi (Sewer)
  A black bear (D:4)
  3 killer bees (D:4)
  An orc wizard (D:3)
  2 gnolls
  2 river rats (D:3)
  5 adders
  An ufetubus (D:4)
  3 worms (D:3)
  A dart slug (D:3)
  3 orcs (D:3)
  A ball python (D:1)
  10 bats
  5 endoplasms
  5 giant cockroaches
  14 goblins
  2 hobgoblins
  5 jackals
  6 quokkas
  2 frilled lizards
  10 kobolds
  3 rats
86 creatures vanquished.

Notes
Turn   | Place    | Note
-------+----------+-------------------------------------------
     0 | D:1      | pkoi the Draconian Monk began the quest for the Orb.
     0 | D:1      | Reached XP level 1. HP: 19/19 MP: 1/1
    71 | D:1      | Reached XP level 2. HP: 26/26 MP: 2/2
   196 | D:1      | Reached skill level 4 in Unarmed Combat
   361 | D:1      | Reached XP level 3. HP: 31/31 MP: 3/3
   978 | D:2      | Reached skill level 5 in Unarmed Combat
   978 | D:2      | Reached XP level 4. HP: 31/38 MP: 4/4
  1462 | D:3      | Found a glowing drain.
  1485 | Sewer    | Entered a sewer
  1575 | Sewer    | Reached XP level 5. HP: 45/45 MP: 5/5
  1629 | Sewer    | Noticed Pargi
  1642 | Sewer    | Killed Pargi
  1643 | Sewer    | Reached skill level 6 in Unarmed Combat
  1998 | D:3      | Reached XP level 6. HP: 47/51 MP: 6/6
  2159 | D:3      | Reached skill level 7 in Unarmed Combat
  2557 | D:4      | HP: 2/51 [poisoned by a killer bee]
  2558 | D:4      | Reached skill level 8 in Unarmed Combat
  2558 | D:4      | Your scales start taking on a glossy black colour.
  2558 | D:4      | Reached XP level 7. HP: 3/57 MP: 7/7
  2558 | D:4      | Gained mutation: You are resistant to electric shocks.
                  | (rElec) [Black Draconian growth]
  2558 | D:4      | Slain by a killer bee

Illustrated notes

Levels and vault maps discovered:
D:1:      wander_arrival_fairy_ring, layout_basic
D:2:      layout_rooms, minmay_surrounded
D:3:      layout_rooms, cheibrodos_sewer_entry_sluice, serial_curves,
          eino_curves_01, eino_curves_03, corexii_hall_statues_x
D:4:      minmay_door_path, layout_loops_corners, serial_shops,
          nicolae_shop_peninsula, minmay_misc_feat_five, corner_web_ring,
          uniq_grinder

Skill      XL: |  1  2  3  4  5  6 |
---------------+-------------------+-----
Unarmed Combat | 4 5 6 8 |  8.1
Fighting       | |  3.2
Dodging        | |  2.6

Action                     |  1- 3 |  4- 6 |  7- 9 || total
---------------------------+-------+-------+-------++-------
  Melee: Unarmed           |   108 |   151 |       ||   259
         Tailslap          |    13 |    21 |       ||    34
    Use: Scroll            |     3 |     9 |       ||    12
         Potion            |       |       |     1 ||     1
 Armour: Skin              |    25 |    68 |       ||    93
  Dodge: Dodged            |    67 |    92 |       ||   159
